 Dungeon Crawl Stone Soup version 0.23.0 (webtiles) character file.

Game seed: 17196940104205301259

182 Kairos the Shield-Bearer (level 5, -10/28 HPs)
             Began as a Vine Stalker Fighter on Feb 15, 2019.
             Mangled by a gnoll
             ... wielding a +0 halberd
              (16 damage)
             ... on level 4 of the Dungeon.
             The game lasted 00:02:26 (1875 turns).

Kairos the Shield-Bearer (Vine Stalker Fighter)     Turns: 1875, Time: 00:02:27

Health: -10/28     AC:  6    Str: 19    XL:     5   Next: 61%
Magic:  0/6        EV:  7    Int:  8    God:
Gold:   230        SH:  9    Dex: 14    Spells: 4/4 levels left

rFire    . . .     SeeInvis .   i - +4 whip
rCold    . . .     Gourm    .   c - +0 shield
rNeg     . . .     Faith    .   b - +0 scale mail
rPois    .         Spirit   +   (no helmet)
rElec    .         Reflect  .   (no cloak)
rCorr    .         Harm     +   (no gloves)
MR       .....                  (no boots)
Stlth    ..........             k - amulet of harm
HPRegen  0.49/turn              (no ring)
MPRegen  0.10/turn              (no ring)

@: lethally poisoned (-10 -> -10)
A: fangs 2, regeneration 1, magic shield, antimagic bite, no potion heal 3, rot
immunity
a: no special abilities


You were on level 4 of the Dungeon.
You were hungry.

You visited 1 branch of the dungeon, and saw 4 of its levels.

You collected 230 gold pieces.

Inventory:

Hand Weapons
 a - a +0 war axe
 i - a +4 whip (weapon)
Armour
 b - a +0 scale mail (worn)
 c - a +0 shield (worn)
Jewellery
 k - an amulet of harm (around neck)
 n - a +2 ring of dexterity
Wands
 o - a wand of clouds (2)
Scrolls
 e - 2 scrolls of fog
 h - 5 scrolls of identify
 l - 2 scrolls of blinking
Potions
 d - 2 potions of might
 g - a potion of brilliance {unknown}
Comestibles
 f - 9 rations


   Skills:
 + Level 3.1 Fighting
 + Level 2.7(3.0) Axes
 + Level 1.5(2.4) Maces & Flails
 + Level 3.1 Armour
 + Level 0.4 Dodging
 + Level 0.1 Stealth
 + Level 3.7 Shields


You had 4 spell levels left.
You didn't know any spells.
Your spell library contained the following spells:

 Spells                   Type           Power        Failure   Level  Hunger
 Confusing Touch          Hex            #.....       99%         1    ##.....
 Confuse                  Hex            #.......     100%        3    ####...
 Gell's Gravitas          Tloc           #.........   100%        3    ####...
 Petrify                  Tmut/Erth      #.......     100%        4    #####..
 Metabolic Englaciation   Hex/Ice        #.........   100%        5    ######.
 Yara's Violent Unravell  Hex/Tmut       #.........   100%        5    ######.


Dungeon Overview and Level Annotations

Branches:
Dungeon (4/15)
 Temple: D:4-7

Altars:
Cheibriados
Gozag
Zin


Innate Abilities, Weirdness & Mutations

You have extremely sharp teeth.
Your natural rate of healing is unusually fast.
When hurt, damage is shared between your health and your magic reserves.
Your bite disrupts and absorbs the magic of your enemies.
Potions cannot restore your health.
You are immune to rotting.


Message History

The jackal barely misses you.
The jackal barks!
You hit the jackal. Your bite misses the jackal.
The jackal is severely wounded.
The jackal bites you but does no damage.
You block the gnoll's attack.
You hit the jackal.
You kill the jackal!
You feel sick.
You barely miss the jackal. Your bite misses the jackal.
The jackal bites you but does no damage.
The gnoll hits you from afar with a +0 halberd.
* * * LOW HITPOINT WARNING * * *
The jackal barely misses you.
You closely miss the jackal. You bite the jackal.
You kill the jackal!
You feel sick.
The gnoll hits you from afar with a +0 halberd!
Ouch! That really hurt!
You die...

#. #.# #.#
##.####
.....# #
#.##.# #
#.##.##.##.#
#..........#
#.##<##@#..#
#.##†# #
...hg#
##.....
......
....≈≈≈
≈....≈≈≈
≈≈....≈≈≈≈


You could see a gnoll and a jackal.

Vanquished Creatures
  A scorpion (D:4)
  Ijyb (D:3)
  3 adders (D:2)
  An ooze (D:2)
  3 dart slugs
  2 orcs (D:3)
  A giant cockroach (D:3)
  6 hobgoblins
  6 jackals
  3 ball pythons
  9 bats
  4 frilled lizards
  8 goblins
  10 kobolds
  9 rats
67 creatures vanquished.

Notes
Turn   | Place    | Note
-------+----------+-------------------------------------------
     0 | D:1      | Kairos the Vine Stalker Fighter began the quest for the
                  | Orb.
     0 | D:1      | Reached XP level 1. HP: 11/11 MP: 2/2
   136 | D:1      | Reached XP level 2. HP: 11/16 MP: 3/3
   348 | D:1      | Reached XP level 3. HP: 16/19 MP: 4/4
  1017 | D:2      | Gained mutation: Your natural rate of healing is unusually
                  | fast. [Vine Stalker growth]
  1017 | D:2      | Reached XP level 4. HP: 18/24 MP: 5/5
  1123 | D:2      | Found a snail-covered altar of Cheibriados.
  1124 | D:2      | Found an opulent altar of Gozag.
  1126 | D:2      | Found a glowing silver altar of Zin.
  1710 | D:3      | Noticed Ijyb
  1750 | D:3      | Killed Ijyb
  1750 | D:3      | Reached skill level 1 in Maces & Flails
  1750 | D:3      | Reached XP level 5. HP: 28/28 MP: 6/6
  1875 | D:4      | Mangled by a gnoll

Skill      XL: |  1  2  3  4 |
---------------+-------------+-----
Axes           | 2 |  2.7
Shields        | 3 |  3.7
Fighting       | 3 |  3.1
Maces & Flails | 1 |  1.5
Armour         | 3 |  3.1
Dodging        | |  0.4
Stealth        | |  0.1

Action                   |  1- 3 |  4- 6 || total
-------------------------+-------+-------++-------
Melee: War axe           |    73 |       ||    73
       Bite              |    23 |    32 ||    55
       Whip              |    43 |   103 ||   146
  Use: Scroll            |     3 |     5 ||     8
  Eat: Chunk             |       |     3 ||     3
Armor: Scale mail        |    59 |    36 ||    95
Dodge: Dodged            |    48 |    28 ||    76
Block: Shield            |    80 |    42 ||   122
